 Dungeon Crawl Stone Soup version 0.26-a0-28-gc929df5585 (webtiles) character file.

Game seed: 7359786527171930269, levelgen mode: deterministic

177 Mrkan the Chopper (level 5, -1/47 HPs)
             Began as a Minotaur Fighter on May 27, 2020.
             Slain by a gnoll
             ... wielding a +0 halberd
              (4 damage)
             ... on level 4 of the Dungeon.
             The game lasted 00:02:59 (2712 turns).

Mrkan the Chopper (Minotaur Fighter)                Turns: 2712, Time: 00:03:00

Health: -1/47      AC:  8    Str: 21    XL:     5   Next: 31%
Magic:  4/4        EV:  5    Int:  6    God:
Gold:   112        SH: 14    Dex:  9    Spells: 4/4 levels left

rFire    . . .     SeeInvis .   a - +0 war axe
rCold    . . .     Gourm    .   v - +0 tower shield
rNeg     . . .     Faith    .   b - +0 scale mail
rPois    .         Spirit   .   (helmet restricted)
rElec    .         Reflect  .   (no cloak)
rCorr    .         Harm     .   x - +0 pair of gloves
MR       .....                  (no boots)
Stlth    ..........             (no amulet)
HPRegen  0.15/turn              (no ring)
MPRegen  0.09/turn              (no ring)

@: mighty
A: retaliatory headbutt, horns 2
a: no special abilities


You were on level 4 of the Dungeon.
You were not hungry.

You visited 1 branch of the dungeon, and saw 4 of its levels.

You collected 112 gold pieces.

Inventory:

Hand Weapons
 a - a +0 war axe (weapon)
Missiles
 t - 5 poisoned darts (quivered)
Armour
 b - a +0 scale mail (worn)
 v - a +0 tower shield (worn)
 x - a +0 pair of gloves (worn)
Jewellery
 c - a cursed amulet of inaccuracy {unknown}
 h - an uncursed ring of see invisible {unknown}
 n - an uncursed ring of protection from cold {unknown}
 p - an uncursed ring of wizardry {unknown}
Wands
 y - a wand of random effects (11)
Scrolls
 e - a scroll of amnesia {unknown}
 g - a scroll of teleportation {unknown}
 i - 3 scrolls of magic mapping {unknown}
 j - 4 scrolls of remove curse {unknown}
 k - 10 scrolls of identify {unknown}
 l - 2 scrolls of fog {unknown}
 s - 2 scrolls of noise {unknown}
 w - a scroll of immolation {unknown}
Potions
 m - a potion of berserk rage {unknown}
 o - a potion of cancellation {unknown}
 q - a potion of curing {unknown}
 r - a potion of mutation {unknown}
Comestibles
 f - 10 rations
 u - 2 chunks of flesh


   Skills:
 + Level 4.5 Fighting
 * Level 4.6 Axes
 + Level 4.5 Armour
 + Level 4.6 Shields


You had 4 spell levels left.
You didn't know any spells.
Your spell library was empty.

Dungeon Overview and Level Annotations

Branches:
Dungeon (4/15)
 Temple: D:4-7

Altars:


Innate Abilities, Weirdness & Mutations

You reflexively headbutt those who attack you in melee.
You have a pair of horns on your head.


Message History

You block the gnoll's attack. The gnoll barely misses you.
Something hits you but does no damage. The gnoll shaman completely misses you.
The gnoll hits you but does no damage. Something hits you but does no damage.
You hit the gnoll shaman. You headbutt the gnoll shaman.
The gnoll shaman is severely wounded.
You hit something.
The gnoll hits you from afar with a +0 halberd.
* * * LOW HITPOINT WARNING * * *
The gnoll shaman calls upon its god to speed up the gnoll.
The gnoll seems to speed up.
The gnoll hits you from afar with a +0 spear.
* * * LOW HITPOINT WARNING * * *
Something hits you.
* * * LOW HITPOINT WARNING * * *
You block the gnoll's attack.
You feel very mighty all of a sudden. The gnoll shaman barely misses you.
The gnoll hits you but does no damage. Something completely misses you.
The gnoll hits you from afar with a +0 halberd.
You die...

♣..# .# ♣..# .O.
#♣..#######
....♣♣♣..........
##.......<.......
##..................
....######..........
........##gO........
#....@g{g........
###.###gg........ #.
#.........^ #.
#..)....... ..
#....#<... #.
#.####... #. #.# .#
#. #.#


You could see an ogre, a gnoll shaman and 4 gnolls.

Vanquished Creatures
  An orc priest (D:4)
  7 adders
  An ooze (D:4)
  2 dart slugs
  4 leopard geckos
  An orc (D:3)
  3 giant cockroaches
  9 goblins
  8 hobgoblins
  4 jackals (D:2)
  2 ball pythons
  9 bats
  10 frilled lizards
  6 kobolds
  6 rats
73 creatures vanquished.

Notes
Turn   | Place    | Note
-------+----------+-------------------------------------------
     0 | D:1      | Mrkan the Minotaur Fighter began the quest for the Orb.
     0 | D:1      | Reached XP level 1. HP: 19/19 MP: 0/0
   149 | D:1      | Reached XP level 2. HP: 23/27 MP: 1/1
   900 | D:2      | Reached XP level 3. HP: 30/33 MP: 2/2
  1795 | D:3      | Reached XP level 4. HP: 29/40 MP: 3/3
  2253 | D:3      | Found a faded altar of an unknown god.
  2425 | D:3      | Reached XP level 5. HP: 47/47 MP: 4/4
  2693 | D:4      | Noticed an ogre
  2712 | D:4      | Slain by a gnoll

Illustrated notes

Levels and vault maps discovered:
D:1:      lightli_arrival_isolated_outpost, layout_basic, minmay_box_of_dots
D:2:      layout_basic, corexii_shack, kennysheep_nub
D:3:      layout_rooms, first_ration, chequers_ecumenical_altar_simple_redux
D:4:      layout_rooms, lemuel_crystal_altar, grunt_temple_overflow_open,
          gup_sewer_entry_glass, serial_bayou_pond_e, minmay_misc_feat_doors,
          minmay_stone_trees_small, uniq_eustachio, uniq_robin, uniq_duvessa

Skill      XL: |  1  2  3  4 |
---------------+-------------+-----
Axes           | 3 4 |  4.6
Shields        | 4 |  4.6
Fighting       | 4 |  4.5
Armour         | 4 |  4.5

Action                   |  1- 3 |  4- 6 || total
-------------------------+-------+-------++-------
Melee: War axe           |   117 |    58 ||   175
       Headbutt          |    13 |    11 ||    24
  Use: Potion            |       |     1 ||     1
  Eat: Chunk             |     3 |     3 ||     6
Armor: Scale mail        |    52 |    44 ||    96
Dodge: Dodged            |    41 |    23 ||    64
Block: Kite shield       |    67 |    27 ||    94
       Tower shield      |       |    12 ||    12

Table legend:
 A = Non-vault XP
 B = Vault XP
 C = Vault XP percentage of total XP
 D = Non-vault monster count
 E = Vault monster count
 F = Vault count percentage of total count
                 A         B        C        D         E       F
            +---------+---------+-------+---------+---------+-------
      Total |     244 |      10 |   3.9 |      68 |       5 |   6.8
            +---------+---------+-------+---------+---------+-------
        D:1 |      22 |       8 |  26.7 |      17 |       4 |  19.0
        D:2 |      47 |       2 |   4.1 |      20 |       1 |   4.8
        D:3 |     122 |       0 |   0.0 |      28 |       0 |   0.0
        D:4 |      53 |       0 |   0.0 |       3 |       0 |   0.0
            +---------+---------+-------+---------+---------+-------
